 Dungeon Crawl Stone Soup version 0.32-a0-918-g0f22ef8d61 (webtiles) character file.

Game seed: 16563130595840041612

50 Zog the Conjurer (level 4, -1/24 HPs)
             Began as a Kobold Conjurer on Apr 11, 2024.
             Slain by Terence
             ... wielding a +0 flail
              (8 damage)
             ... on level 2 of the Dungeon.
             The game lasted 00:10:19 (1224 turns).

Zog the Conjurer (Kobold Conjurer)                  Turns: 1224, Time: 00:10:19

Health: -1/24      AC:  4    Str:  4    XL:     4   Next: 4%
Magic:  3/7        EV: 14    Int: 19    God:
Gold:   43         SH:  0    Dex: 15    Spells: 5/8 levels left

rFire   . . .        d - +0 dagger
rCold   . . .        (no shield)
rNeg    . . .        a - +1 robe
rPois   +            l - +0 helmet
rElec   .            (no cloak)
rCorr   .            (no gloves)
SInv    .            (no boots)
Will    .....        (no amulet)
Stlth   ++++         f - ring of poison resistance
HPRegen 0.24/turn    (no ring)
MPRegen 0.10/turn

%: no passive effects
@: no status effects
A: small, no large weapons, nightstalker 3
a: no special abilities


You were on level 2 of the Dungeon.
You visited 1 branch of the dungeon, and saw 2 of its levels.

You collected 43 gold pieces.

Inventory:

Hand Weapons
 d - a +0 dagger (weapon)
Armour
 a - a +1 robe (worn)
 l - a +0 helmet (worn)
Jewellery
 f - a ring of poison resistance (left hand)
Wands
 i - a wand of flame (29)
Scrolls
 g - a scroll of fog {unknown}
 j - a scroll of enchant weapon {unknown}
 k - a scroll of identify
Potions
 b - a potion of magic
 c - a potion of invisibility {unknown}
 e - a potion of might
 h - a potion of heal wounds {unknown}


   Skills:
 * Level 0.7 Short Blades
 + Level 2.6 Dodging
 * Level 3.8 Stealth
 * Level 2.5 Spellcasting
 + Level 4.5 Conjurations


You had 5 spell levels left.
You knew the following spells:

 Your Spells              Type           Power      Damage    Failure   Level
a - Magic Dart            Conj           76%        1d6       2%          1
b - Searing Ray           Conj           38%        2d5       3%          2

Your spell library contained the following spells:

 Spells                   Type           Power      Damage    Failure   Level
 Fulminant Prism          Conj/Alch      5%         3d6       52%         4
 Iskenderun's Mystic Bla Conj/Tloc 11%            2d4        (+2d2     52%         4


Dungeon Overview and Level Annotations

Branches:
Dungeon (2/15)

Altars:
Xom

Annotations:
D:2 Terence


Innate Abilities, Weirdness & Mutations

You are small and have problems with some larger weapons.
You are completely attuned to the shadows.


Message History

l - a +0 helmet You start putting on your armour.
You continue putting on your +0 helmet. x4
You finish putting on your +0 helmet.
Terence the Incautious comes into view.
He is wielding a +0 flail.
Terence shouts!
Terence barely misses you.
You closely miss Terence. You hit Terence but do no damage.
Terence completely misses you.
You barely miss Terence. Terence misses you.
Casting: Magic Dart (safe; 2% risk of failure)
Confirm with . or Enter, or press ? or * to list all spells.
Aiming: Magic Dart (safe; 2% risk of failure)
Press: ? - help, Shift-Dir - straight line, f - Terence
Aim: Terence, wielding a +0 flail and wearing a +0 ring mail (100% to hit)
The magic dart hits Terence.
Terence is moderately wounded.
Terence hits you with a +0 flail.
You hit Terence but do no damage.
Terence is lightly wounded.
Terence hits you with a +0 flail!
Casting: Magic Dart (safe; 2% risk of failure)
Confirm with . or Enter, or press ? or * to list all spells.
Aiming: Magic Dart (safe; 2% risk of failure)
Press: ? - help, Shift-Dir - straight line, f/p - Terence
Aim: Terence, wielding a +0 flail and wearing a +0 ring mail (lightly wounded, 100% to hit)
The magic dart hits Terence but does no damage.
Terence is lightly wounded.
Terence hits you with a +0 flail.
* * * LOW HITPOINT WARNING * * *
Casting: Magic Dart (safe; 2% risk of failure)
Confirm with . or Enter, or press ? or * to list all spells.
Aiming: Searing Ray (safe; 3% risk of failure)
Press: ? - help, Shift-Dir - straight line, f/p - Terence
Aim: Terence, wielding a +0 flail and wearing a +0 ring mail (lightly wounded, 81% to hit)
The searing ray hits Terence.
Terence is moderately wounded. (Press . to maintain the ray.) Terence hits you with a +0 flail!
You die...
Terence says, "Time to find some more victims."

.##### #....#
#....# #..@.#
##... ###..@.#
.... ###......#
#..# .....#####
#..#######....#
#.)......(.##.#
...<.......##.#
...#...)...##.#
.###.......##.#
## #.......##.#


You could see Terence.

Vanquished Creatures
  Jessica (D:2)
  3 bats (D:1)
  2 endoplasms (D:1)
  A giant cockroach (D:1)
  A goblin (D:1)
  3 hobgoblins
  6 kobolds
  3 frilled lizards (D:1)
  3 rats (D:1)
23 creatures vanquished.

Notes
Turn   | Place    | Note
-------+----------+-------------------------------------------
     0 | D:1      | Zog the Kobold Conjurer began the quest for the Orb.
     0 | D:1      | Reached XP level 1. HP: 10/10 MP: 3/3
   238 | D:1      | Reached XP level 2. HP: 15/15 MP: 5/5
   338 | D:1      | Learned a level 2 spell: Searing Ray
   593 | D:1      | Reached XP level 3. HP: 19/19 MP: 6/6
  1035 | D:2      | Noticed Jessica
  1036 | D:2      | Found a shimmering altar of Xom.
  1043 | D:2      | Killed Jessica
  1044 | D:2      | Reached XP level 4. HP: 1/24 MP: 4/7
  1211 | D:2      | Noticed Terence
  1224 | D:2      | Slain by Terence

Illustrated notes

Levels and vault maps discovered:
D:1:      minmay_arrival_plants_in_alcoves, layout_loops_ring
D:2:      layout_rooms, basic_altar, shapermc_ecumenical_altar_mp_urbaneastern,
          columned_hall_lemuel, amcnicky_mini_rare_corridor_liquid,
          uniq_terence, uniq_jessica, uniq_sigmund

Skill      XL: |  1  2 |
---------------+-------+-----
Stealth        | 3 |  3.8
Short Blades   | |  0.7
Dodging        | |  2.6
Spellcasting   | |  2.5
Conjurations   | |  4.5

Action                     |  1- 3 |  4- 6 || total
---------------------------+-------+-------++-------
  Melee: Dagger            |    34 |     4 ||    38
         Unarmed           |     1 |       ||     1
   Cast: Magic Dart        |     6 |     5 ||    11
         Searing Ray       |       |     1 ||     1
    Use: Scroll            |     2 |       ||     2
   Stab: Sleeping          |    13 |       ||    13
 Armour: Robe              |    13 |     4 ||    17
  Dodge: Dodged            |    12 |     3 ||    15

Table legend: (Time is in decaauts)
 A = Elapsed time spent in this place.
 B = Non-inter-level travel time spent in this place.
 C = Inter-level travel time spent in this place.
 D = Time resting spent in this place.
 E = Time spent auto-exploring this place.
 F = Levels seen in this place.
 G = Mean time per level.
                   A        B        C        D        E       F      G
               +--------+--------+--------+--------+--------+-----+--------+
         Total |   1222 |   1214 |      8 |     92 |      0 |   2 |  611.0 |
       Dungeon |   1222 |   1214 |      8 |     92 |      0 |   2 |  611.0 |
               +--------+--------+--------+--------+--------+-----+--------+

Top non-repeatable levels by time:
     D:1: 986 daAuts
     D:2: 235 daAuts
